 Dungeon Crawl Stone Soup version 0.30-a0-1018-g25214051b3 (webtiles) character file.

Game seed: 5355035310560945131

28 voltaire321 the Charlatan (level 3, 0/26 HPs)
             Began as a Demonspawn Artificer on Apr 7, 2023.
             Slain by Terence
             ... wielding a +4 short sword of freezing
              (1 damage)
             ... on level 2 of the Dungeon.
             The game lasted 00:02:24 (592 turns).

voltaire321 the Charlatan (Demonspawn Artificer)     Turns: 592, Time: 00:02:24

Health: 0/26       AC:  3    Str: 14    XL:     3   Next: 0%
Magic:  3/3        EV: 11    Int: 14    God:
Gold:   68         SH:  4    Dex: 13    Spells: 2/2 levels left

rFire   . . .      SeeInvis .    i - +0 short sword
rCold   . . .      Faith    .    (no shield)
rNeg    . . .      Spirit   .    b - +0 leather armour
rPois   .          Reflect  .    (no helmet)
rElec   .          Rampage  .    (no cloak)
rCorr   .                        (no gloves)
Will    .....                    (no boots)
Stlth   +                        (no amulet)
HPRegen 0.24/turn                (no ring)
MPRegen 0.08/turn                (no ring)

@: lethally poisoned (0 -> -1)
A: big brain 1, condensation shield
a: no special abilities


You were on level 2 of the Dungeon.
You visited 1 branch of the dungeon, and saw 2 of its levels.

You collected 68 gold pieces.

Inventory:

Hand Weapons
 i - a +0 short sword (weapon)
Armour
 b - a +0 leather armour (worn)
Wands
 c - a wand of flame (12) (quivered)
 d - a wand of charming (14)
 e - a wand of iceblast (5)
Scrolls
 a - a scroll of brand weapon {unknown}
 h - a scroll of poison {unknown}
 k - a scroll of magic mapping {unknown}
 l - a scroll of teleportation {unknown}
Potions
 f - a potion of lignification {unknown}
 g - a potion of brilliance {unknown}
 j - a potion of resistance {unknown}


   Skills:
 + Level 1.6 Fighting
 + Level 2.1 Armour
 + Level 1.5 Dodging
 - Level 0.8 Stealth
 + Level 3.3 Evocations


You had 2 spell levels left.
You didn't know any spells.
Your spell library was empty.

Dungeon Overview and Level Annotations

Branches:
Dungeon (2/15)

Altars:

Annotations:
D:2 Terence


Innate Abilities, Weirdness & Mutations

You have an unusually large brain. (Int +2)
A meltable shield of frost defends you. (SH +4)


Message History

Terence shouts!
You hit the adder.
The adder is severely wounded.
You feel sick. The adder bites you.
You are more poisoned.
The adder poisons you!
You miss the adder.
The adder is severely wounded.
You feel sick. The adder closely misses you.
You miss the adder.
The adder is severely wounded.
You feel sick. The adder bites you but does no damage.
The adder closely misses you.
You hit the adder.
The adder is almost dead.
You feel sick.
A jackal comes into view.
The adder misses you.
You barely miss the adder.
The adder is almost dead.
You feel sick. The adder bites you.
The jackal barks!
You hit the adder.
You kill the adder!
You feel sick.
You hear a bark!
You have reached level 3!
Your experience leads to an increase in your attributes!
Increase (S)trength, (I)ntelligence, or (D)exterity?
You feel stronger. x2; Your demonic ancestry asserts itself...
Frost condenses into a shield before you.
Aiming: Charm
Press: ? - help, Shift-Dir - straight line, f - Terence
Aim: Terence, wielding a +4 short sword of freezing and wearing a +1 scale mail of fire resistance (chance to affect: 66%) Terence struggles to resist.
You feel sick.
A jackal comes into view.
Terence hits you with a +4 short sword of freezing.
* * * LOW HITPOINT WARNING * * *
Terence freezes you.
You die...

#.........#
####.........#
.....>.......#...
h............#..!
$....[.......#
##..h.......# ######
#...@.......# #....#
.#....@.....# #....#
#......!....## #.<..#
....#.?....## #....#
............## #.(..#
...?.........#####†...#
.....######...##......#
.......## #.#....#....#
..........#.....##....#
.. #........#.......#


You could see Terence and 2 jackals.

Vanquished Creatures
  An adder (D:2)
  A dart slug (D:1)
  A ball python (D:1)
  2 endoplasms (D:1)
  A giant cockroach (D:2)
  A goblin (D:1)
  A hobgoblin (D:1)
  A jackal (D:2)
  2 kobolds (D:1)
  A quokka (D:1)
  A bat (D:2)
  A frilled lizard (D:1)
  3 rats (D:1)
17 creatures vanquished.

Notes
Turn   | Place    | Note
-------+----------+-------------------------------------------
     0 | D:1      | voltaire321 the Demonspawn Artificer began the quest for
                  | the Orb.
     0 | D:1      | Reached XP level 1. HP: 15/15 MP: 1/1
    48 | D:1      | Reached skill level 1 in Dodging
   250 | D:1      | Gained mutation: You have an unusually large brain. (Int
                  | +2) [demonic ancestry]
   250 | D:1      | Reached XP level 2. HP: 20/21 MP: 2/2
   426 | D:1      | Found a faded altar of an unknown god.
   585 | D:2      | Noticed Terence
   592 | D:2      | Gained mutation: A meltable shield of frost defends you.
                  | (SH +4) [demonic ancestry]
   592 | D:2      | Reached XP level 3. HP: 8/26 MP: 3/3
   592 | D:2      | HP: 1/26 [Terence/+4 short sword of freezing (6)]
   592 | D:2      | Slain by Terence

Illustrated notes

Levels and vault maps discovered:
D:1:      dpeg_arrival_rooms_b, layout_basic,
          hellmonk_ecumenical_altar_defaced_shrine, feat_on_display
D:2:      layout_rooms, uniq_robin, uniq_terence

Skill      XL: |  1 |
---------------+----+-----
Dodging        | 1 |  1.5
Armour         | 2 |  2.1
Fighting       | |  1.6
Stealth        | |  0.8
Evocations     | |  3.3

Action                     || total
---------------------------++-------
  Melee: Club              ||    24
         Short sword       ||    43
  Evoke: Wand              ||     4
 Armour: Leather armour    ||    21
  Dodge: Dodged            ||    38

Table legend: (Time is in decaauts)
 A = Elapsed time spent in this place.
 B = Non-inter-level travel time spent in this place.
 C = Inter-level travel time spent in this place.
 D = Time resting spent in this place.
 E = Time spent auto-exploring this place.
 F = Levels seen in this place.
 G = Mean time per level.
                   A        B        C        D        E       F      G
               +--------+--------+--------+--------+--------+-----+--------+
         Total |    598 |    598 |      0 |    132 |    240 |   2 |  299.0 |
       Dungeon |    598 |    598 |      0 |    132 |    240 |   2 |  299.0 |
               +--------+--------+--------+--------+--------+-----+--------+

Top non-repeatable levels by time:
     D:1: 490 daAuts
     D:2: 107 daAuts
